 Dungeon Crawl Stone Soup version 0.28-a0-194-g42b4daccc1 (webtiles) character file.

Game seed: 11775031679368308024

117 bande the Shield-Bearer (level 5, -1/49 HPs)
             Began as a Gargoyle Fighter on Aug 19, 2021.
             Slain by Grinder (5 damage)
             ... while paralysed by Grinder
             ... on level 3 of the Dungeon.
             The game lasted 00:04:21 (2055 turns).

bande the Shield-Bearer (Gargoyle Fighter)          Turns: 2055, Time: 00:04:21

Health: -1/49      AC: 22    Str: 19    XL:     5   Next: 1%
Magic:  5/5        EV:  2    Int:  9    God:
Gold:   45         SH:  0    Dex: 10    Spells: 4/4 levels left

rFire   + . .      SeeInvis .   a - +0 war axe (venom)
rCold   + . .      Faith    .   c - +0 kite shield
rNeg    + + +      Spirit   .   (armour currently unavailable)
rPois   ∞          Reflect  .   (helmet currently unavailable)
rElec   +          Harm     .   (cloak currently unavailable)
rCorr   +          Rampage  .   (gloves currently unavailable)
Will    .....      NoTele   +   (boots currently unavailable)
Stlth   +.........              (no amulet)
HPRegen 0.16/turn               (no ring)
MPRegen 0.09/turn               (no ring)

@: paralysed, tree-form, resistant, attractive
A: stationary, stasis, torment immunity, boosted hp, sickness immunity, AC +4,
negative energy resistance 1, (electricity resistance), torment resistance 1,
petrification resistance
a: no special abilities


You were on level 3 of the Dungeon.
You were a tree.
You visited 1 branch of the dungeon, and saw 3 of its levels.

You collected 45 gold pieces.

Inventory:

Hand Weapons
 a - a +0 war axe of venom (weapon)
Armour
 b - a +0 scale mail (melded)
 c - a +0 kite shield (worn)
 f - the +2 helmet "Jotoed" (melded) {Int+3}
   (You took it off Robin on level 2 of the Dungeon)

   Int:       It affects your intelligence (+3).
Potions
 d - a potion of might
 g - a potion of haste


   Skills:
 + Level 3.9 Fighting
 + Level 3.3 Axes
 + Level 3.7 Armour
 + Level 0.4 Dodging
 + Level 3.9 Shields


You had 4 spell levels left.
You didn't know any spells.
Your spell library was empty.

Dungeon Overview and Level Annotations

Branches:
Dungeon (3/15)

Altars:
Yredelemnul

Shops:
D:1 [

Annotations:
D:3 Grinder


Innate Abilities, Weirdness & Mutations

You are a tree.
Your roots penetrate the ground, keeping you stationary.
You cannot be teleported.
You are immune to unholy pain and torment.
Your maximum health is greatly increased.
Your equipment is partially melded.
You are immune to sickness and miasma.
((Your stone body is resilient. (AC +4)))
You are immune to poison.
You resist negative energy. (rN+)
((You are resistant to electric shocks. (rElec)))
You are resistant to unholy torment.
You are immune to petrification.


Message History

Unknown command.
You barely miss Grinder.
Grinder is heavily wounded.
Grinder barely misses you.
You closely miss Grinder.
Grinder is heavily wounded.
Grinder hits you.
You writhe in agony.
Grinder rolls her eyes.
You block Grinder's attack.
You closely miss Grinder.
Grinder is heavily wounded.
Grinder gestures at you. You resist with significant effort.
You slash Grinder!
Grinder is poisoned.
Grinder is severely wounded.
Grinder drinks a potion.
Grinder is healed!
Grinder gestures at you. You resist with significant effort.
You hit Grinder but do no damage. Grinder hits you but does no damage.
You closely miss Grinder. Grinder hits you.
* * * LOW HITPOINT WARNING * * *
You writhe in agony.
* * * LOW HITPOINT WARNING * * *
Grinder barely misses you.
You closely miss Grinder. Grinder hits you but does no damage.
It was a potion of lignification.
You turn into a tree.
The +2 helmet "Jotoed" {Int+3} melds into your body.
Your +0 scale mail melds into your body.
Your roots penetrate the ground.
Grinder hits you.
* * * LOW HITPOINT WARNING * * *
It was a potion of attraction.
You feel attractive to monsters. Grinder hits you but does no damage.
It was a potion of resistance.
You feel protected. Grinder gestures at you.
You suddenly lose the ability to move!
Grinder hits you but does no damage. x2
Grinder hits you.
You die...

...#######.###
).....# #.....#
....... ###.###
....... #.....#
......#####.###
#....>.#.....#
..##...#.###.###
......5#.#.....#
#.♣.###.###
###..##..#
#.###..###.#
#..[...†....#
#.##..#######
##. #. #. +.


You could see Grinder (poisoned).

Vanquished Creatures
  Robin (D:2)
  2 adders (D:2)
  2 worms (D:2)
  A dart slug (D:1)
  3 bats (D:1)
  7 endoplasms
  4 giant cockroaches (D:1)
  11 goblins
  7 hobgoblins
  9 jackals
  5 kobolds
  2 quokkas
  7 ball pythons
  2 frilled lizards
  6 rats (D:1)
69 creatures vanquished.

Notes
Turn   | Place    | Note
-------+----------+-------------------------------------------
     0 | D:1      | bande the Gargoyle Fighter began the quest for the Orb.
     0 | D:1      | Reached XP level 1. HP: 14/14 MP: 1/1
   306 | D:1      | Reached XP level 2. HP: 13/19 MP: 2/2
   701 | D:1      | Reached XP level 3. HP: 24/24 MP: 3/3
   991 | D:1      | Found Eshro's Antique Armour Shoppe.
  1283 | D:2      | Reached XP level 4. HP: 27/29 MP: 4/4
  1300 | D:2      | Identified the +2 helmet "Jotoed" {Int+3}
  1300 | D:2      | Noticed Robin
  1434 | D:2      | Killed Robin
  1740 | D:2      | Reached XP level 5. HP: 24/33 MP: 5/5
  1938 | D:2      | Found a basalt altar of Yredelemnul.
  2030 | D:3      | Noticed Grinder
  2052 | D:3      | Paralysed by Grinder for 5 turns
  2055 | D:3      | Slain by Grinder

Illustrated notes

Levels and vault maps discovered:
D:1:      dpeg_arrival_prison, layout_rooms, serial_shops, shop,
          serial_bayou_pond_e, chequers_jeans, st_stairs_14
D:2:      layout_basic, basic_altar, uniq_robin
D:3:      layout_loops_cross, minmay_misc_feat_hallway, hex_medium,
          amcnicky_mini_pool_small, kennysheep_generic_room_13, uniq_natasha,
          uniq_jessica, uniq_grinder, uniq_terence

Skill      XL: |  1  2  3  4 |
---------------+-------------+-----
Axes           | 2 3 |  3.3
Fighting       | |  3.9
Armour         | |  3.7
Dodging        | |  0.4
Shields        | |  3.9

Action                   |  1- 3 |  4- 6 || total
-------------------------+-------+-------++-------
Melee: War axe           |   121 |    83 ||   204
  Use: Scroll            |     3 |     4 ||     7
       Potion            |       |     3 ||     3
Armor: Scale mail        |   103 |    57 ||   160
       Skin              |       |     3 ||     3
Dodge: Dodged            |    45 |    19 ||    64
Block: Kite shield       |    62 |    41 ||   103

Table legend: (Time is in decaauts)
 A = Elapsed time spent in this place.
 B = Non-inter-level travel time spent in this place.
 C = Inter-level travel time spent in this place.
 D = Time resting spent in this place.
 E = Time spent auto-exploring this place.
 F = Levels seen in this place.
 G = Mean time per level.
                   A        B        C        D        E       F      G
               +--------+--------+--------+--------+--------+-----+--------+
         Total |   2180 |   2157 |     23 |    224 |   1351 |   3 |  726.7 |
       Dungeon |   2180 |   2157 |     23 |    224 |   1351 |   3 |  726.7 |
               +--------+--------+--------+--------+--------+-----+--------+

Top non-repeatable levels by time:
     D:1: 1311 daAuts
     D:2: 816 daAuts
     D:3: 52 daAuts
